 Dungeon Crawl Stone Soup version 0.28.0-53-g5a82cb258f (webtiles) character file.

Game seed: 13207857146473968721

688 DemonSlayer the Magician (level 7, 0/48 HPs)
             Began as a Demonspawn Fire Elementalist on July 29, 2022.
             Slain by Edmund
             ... wielding a +3 dire flail of holy wrath
              (6 damage)
             ... on level 5 of the Dungeon.
             The game lasted 00:11:40 (6621 turns).

DemonSlayer the Magician (DsFE)                     Turns: 6621, Time: 00:11:41

Health: 0/48       AC:  2    Str:  9    XL:     7   Next: 36%
Magic:  9/14       EV: 12    Int: 18    God:
Gold:   274        SH:  5    Dex: 13    Spells: 6/15 levels left

rFire   . . .      SeeInvis .   c - +3 long sword
rCold   . . .      Faith    .   (no shield)
rNeg    . . .      Spirit   .   a - +0 robe
rPois   .          Reflect  +   (no helmet)
rElec   .          Harm     .   (no cloak)
rCorr   .          Rampage  .   (no gloves)
Will    .....                   (no boots)
Stlth   ++........              b - amulet of reflection
HPRegen 0.16/turn               m - ring of wizardry
MPRegen 0.14/turn               (no ring)

@: mighty, hasted, very quick
A: hooves 1, powered by pain 1, sturdy frame 1
a: no special abilities


You were on level 5 of the Dungeon.
You visited 1 branch of the dungeon, and saw 5 of its levels.
You also visited: Sewer.

You collected 274 gold pieces.

Inventory:

Hand Weapons
 c - a +3 long sword (weapon)
Missiles
 e - 19 sling bullets
Armour
 a - a +0 robe (worn)
Jewellery
 b - an amulet of reflection (around neck)
 m - a ring of wizardry (left hand)
Scrolls
 g - 3 scrolls of identify
 h - a scroll of teleportation
Potions
 d - 2 potions of lignification {unknown}
 f - a potion of mutation {unknown}
 i - 3 potions of might
 j - 2 potions of ambrosia {unknown}
 k - 3 potions of attraction
 l - a potion of magic {unknown}
 p - a potion of flight {unknown}
 r - a potion of degeneration {unknown}
 v - a potion of curing {unknown}
 w - a potion of cancellation {unknown}


   Skills:
 + Level 1.2 Fighting
 + Level 2.2 Long Blades
 + Level 2.0 Dodging
 + Level 2.6 Stealth
 + Level 0.5 Shields
 + Level 4.7 Spellcasting
 + Level 2.8 Conjurations
 + Level 4.6 Fire Magic


You had 6 spell levels left.
You knew the following spells:

 Your Spells              Type           Power      Damage    Failure   Level
a - Foxfire               Conj/Fire      68%        2x1d7     1%          1
b - Scorch                Fire           42%        2d7       1%          2
c - Stone Arrow           Conj/Erth      18%        3d8       9%          3
d - Conjure Flame         Conj/Fire      17%        6-21      3%          3

Your spell library contained the following spells:

 Spells                   Type           Power      Damage    Failure   Level
 Freeze                   Ice            16%        1d4       6%          1
 Inner Flame              Hex/Fire       12%        N/A       6%          3
 Flame Wave               Conj/Fire      17%        2d6       12%         4
 Call Canine Familiar     Summ           4%         N/A       16%         3
 Frozen Ramparts          Ice            8%         1d2       16%         3
 Ozocubu's Armour         Ice            4%         N/A       16%         3
 Portal Projectile        Hex/Tloc       8%         N/A       16%         3
 Hailstorm                Conj/Ice       9%         3d4       28%         4
 Animate Armour           Summ/Erth      8%         N/A       45%         4
 Leda's Liquefaction      Hex/Erth       2%         N/A       45%         4
 Metabolic Englaciation   Hex/Ice        2%         N/A       80%         5
 Simulacrum               Ice/Necr       2%         N/A       100%        6
 Lehudib's Crystal Spear  Conj/Erth      4%         10d3      100%        8


Dungeon Overview and Level Annotations

Branches:
Dungeon (5/15)              Sewer (visited)
 Temple: D:4-7

Altars:
Elyvilon
Ru
Vehumet
Zin

Shops:
D:1 ?   D:3 [[

Annotations:
D:5 Edmund


Innate Abilities, Weirdness & Mutations

You have large cloven feet.
You sometimes gain a little power by taking damage.
Your movements are slightly less encumbered by armour. (ER -2)


Message History

Flames lash Edmund.
Edmund is heavily wounded.
Edmund's fire resistance burns away.
You are too depleted to draw on your mana recklessly!
You feel very mighty all of a sudden.
Edmund is no longer more vulnerable to fire.
You conjure some foxfire!
The foxfire hits Edmund but does no damage.
Edmund is moderately wounded.
The foxfire hits Edmund.
Edmund is heavily wounded.
Edmund says, "People accused me of being a cutpurse!"
You conjure some foxfire!
Your foxfire dissipates!
The foxfire hits Edmund but does no damage.
Edmund is heavily wounded.
Edmund says, "What use are spells, anyway?"
Edmund says, "I'm quite good with sums, too."
You feel mightier all of a sudden.
You feel yourself speed up.
Edmund gestures with his flail.
Edmund closely misses you.
You hit Edmund. You kick Edmund.
Edmund is severely wounded.
Edmund barely misses you.
Edmund hits you with a +3 dire flail of holy wrath.
You convulse.
You closely miss Edmund.
Edmund is severely wounded.
Edmund hits you with a +3 dire flail of holy wrath!
You focus on the pain.
You feel your power returning.
You convulse!
Edmund hits you with a +3 dire flail of holy wrath.
* * * LOW HITPOINT WARNING * * *
You convulse!
* * * LOW HITPOINT WARNING * * *
You closely miss Edmund. Your kick misses Edmund.
Edmund is severely wounded.
You block Edmund's attack.
Edmund hits you with a +3 dire flail of holy wrath.
You die...

### #.#######
#......@#
#.#####@# #.#
#.######## #.#
#.........
#.##############
#........####
########.#..
#.#.#
####.#.##########


You could see Edmund (fast).

Vanquished Creatures
  An ice beast (D:5)
  An ogre (D:4)
  A water moccasin zombie (D:5)
  2 hounds (D:5)
  A centaur skeleton (D:4)
  A jelly (D:5)
  An orc priest (D:4)
  3 iguanas
  An orc wizard (D:5)
  A hell rat (Sewer)
  A hound zombie (D:5)
  3 river rats (Sewer)
  3 adders
  2 ufetubi
  An adder skeleton (D:5)
  13 orcs
  4 ball pythons
  3 endoplasms
  5 giant cockroaches
  6 goblins
  9 hobgoblins
  8 jackals
  3 kobolds
  2 quokkas
  5 bats
  4 frilled lizards (D:1)
  12 rats
97 creatures vanquished.

Vanquished Creatures (others)
  191 foxfires
191 creatures vanquished.

Grand Total: 288 creatures vanquished

Notes
Turn   | Place    | Note
-------+----------+-------------------------------------------
     0 | D:1      | DemonSlayer the Demonspawn Fire Elementalist began the
                  | quest for the Orb.
     0 | D:1      | Reached XP level 1. HP: 13/13 MP: 3/3
   431 | D:1      | Gained mutation: You have large cloven feet. [demonic
                  | ancestry]
   431 | D:1      | Reached XP level 2. HP: 19/19 MP: 0/5
   906 | D:1      | Found Bifradwy's Magic Scroll Shop.
  1422 | D:2      | Reached XP level 3. HP: 24/24 MP: 4/6
  1458 | D:2      | You fall into a shaft and drop 1 floor!
  1622 | D:3      | Found Obotoexa's Antique Armour Shoppe.
  1767 | D:3      | Found a sacrificial altar of Ru.
  2023 | D:3      | Found Cergheled's Antique Armour Shoppe.
  2035 | D:3      | Learned a level 2 spell: Scorch
  2039 | D:3      | Learned a level 3 spell: Stone Arrow
  2167 | D:3      | Reached skill level 1 in Long Blades
  2621 | D:2      | Found a faded altar of an unknown god.
  3081 | D:1      | Gained mutation: You sometimes gain a little power by
                  | taking damage. [demonic ancestry]
  3081 | D:1      | Reached XP level 4. HP: 17/30 MP: 1/7
  3357 | D:4      | Found a glowing drain.
  3458 | Sewer    | Entered a sewer
  3699 | Sewer    | Reached skill level 1 in Fighting
  3805 | Sewer    | Reached XP level 5. HP: 37/37 MP: 3/9
  3963 | Sewer    | Learned a level 3 spell: Conjure Flame
  4377 | D:4      | Noticed an ogre
  4382 | D:4      | Killed an ogre
  4471 | D:4      | Gained mutation: Your movements are slightly less
                  | encumbered by armour. (ER -2) [demonic ancestry]
  4471 | D:4      | Reached XP level 6. HP: 35/43 MP: 1/10
  5632 | D:5      | Entered Level 5 of the Dungeon
  6147 | D:5      | Reached XP level 7. HP: 37/48 MP: 4/13
  6340 | D:5      | Found a radiant altar of Vehumet.
  6591 | D:5      | Noticed Edmund
  6621 | D:5      | Slain by Edmund

Illustrated notes

Levels and vault maps discovered:
D:1:      dpeg_arrival_rhombus, layout_loops_cross, serial_shops,
          nicolae_shop_crystal
D:2:      layout_basic, ebering_ecumenical_altar_abandoned,
          minmay_misc_feat_alley
D:3:      layout_loops_ring, nicolae_ru_the_path_less_chosen,
          mainiacjoe_overflow_concentric_impassable, serial_shops,
          nicolae_shop_statue_plus, shop
D:4:      layout_basic, zin_statuary, gup_sewer_entry_glass
D:5:      layout_basic, lemuel_crystal_altar, mainiacjoe_overflow_24_doors,
          gammafunk_temple_overflow_forgotten, minmay_temple_entry_from_below_b,
          minmay_between, uniq_edmund, uniq_pikel

Skill      XL: |  1  2  3  4  5  6 |
---------------+-------------------+-----
Fire Magic     | 3 4 |  4.6
Stealth        | 2 |  2.6
Long Blades    | 1 2 |  2.2
Fighting       | 1 |  1.2
Spellcasting   | 3 4 |  4.7
Conjurations   | 2 |  2.8
Dodging        | 2 |  2.0
Shields        | |  0.5

Action                   |  1- 3 |  4- 6 |  7- 9 || total
-------------------------+-------+-------+-------++-------
Melee: Long sword        |    61 |    30 |     3 ||    94
       Unarmed           |     2 |       |       ||     2
       Kick              |    11 |     8 |     1 ||    20
 Cast: Foxfire           |    81 |    40 |     2 ||   123
       Scorch            |     2 |    41 |    13 ||    56
       Stone Arrow       |       |       |     3 ||     3
       Conjure Flame     |       |       |     1 ||     1
  Use: Scroll            |       |    12 |       ||    12
       Potion            |       |       |     3 ||     3
 Stab: Distracted        |     1 |       |       ||     1
       Sleeping          |     2 |       |       ||     2
Armor: Robe              |     7 |     4 |       ||    11
Dodge: Dodged            |    53 |    35 |     5 ||    93
Block: Other             |    26 |    15 |     1 ||    42
       Reflection        |       |     2 |       ||     2
